Map: Costas tropicales

Players

MrFercho - Winner!

  • Race: Zerg Zerg
  • Spawn Location: 5:00

tigro

  • Race: Terran Terran
  • Spawn Location: 0:00

VOD

Have the link to the VOD?

Description

Time

  • Played on: Sept. 8, 2019, 9:29 p.m.
  • Length: 28:42
Show
View Real Time Build Order
Export as new Build Order

MrFercho Zerg - Winner!

Build Orders: Pool First 

Get SALT Encoding   

  12  0:03  Drone  
  13  0:13  Overlord  
  13  0:19  Drone  
  14  0:26  Extractor  
  14  0:28  Drone  
  14  0:29  Extractor  
  13  0:50  Spawning Pool  
  12  1:00  Overlord  
  12  1:06  Drone x2  
  14  1:20  Drone  
  15  1:33  Drone  
  15  1:39  Metabolic Boost  
  16  1:43  Zergling x2  
  17  1:52  Queen  
  19  2:02  Drone x2  
  21  2:29  Burrow  
  21  2:31  Zergling x4  
  21  2:32  Zergling x2  
  20  4:14  Zergling x4  
  20  4:15  Zergling x8  
  26  4:24  Lair  
  26  4:29  Drone  
  27  4:56  Evolution Chamber  
  26  5:03  Evolution Chamber  
  26  5:06  Evolution Chamber  
  18  5:22  Zergling x8  
  18  5:23  Zergling x2  
  23  5:34  Drone  
  24  5:39  Zerg Melee Weapons Level 1, Zerg Missile Weapons Level 1  
  24  5:41  Zerg Ground Armor Level 1  
  24  5:56  Infestation Pit  
  18  6:20  Drone x3  
  21  6:30  Spire  
  20  6:34  Hive  
  20  6:38  Drone  
  21  7:31  Zergling x6  
  21  7:32  Zergling x6  
  27  7:37  Zerg Melee Weapons Level 2  
  27  7:38  Zerg Missile Weapons Level 2  
  27  7:39  Zerg Ground Armor Level 2  
  27  7:41  Hatchery  
  26  7:47  Zerg Flyer Armor Level 1  
  26  7:49  Extractor  
  25  7:56  Overlord  
  25  7:57  Extractor, Overlord  
  24  8:07  Corruptor  
  26  8:15  Pneumatized Carapace  
  26  8:19  Drone  
  21  9:22  Overseer  
  21  9:26  Overseer  
  21  9:33  Drone x2  
  21  9:34  Drone  
  24  9:41  Drone x5  
  24  9:42  Drone x3  
  24  9:43  Drone x2  
  34  9:56  Greater Spire  
  34  10:09  Zerg Melee Weapons Level 3  
  34  10:27  Overseer  
  34  10:58  Queen  
  34  11:00  Zergling x2  
  34  11:01  Zergling x10  
  42  11:08  Overseer  
  42  11:09  Brood Lord  
  44  11:22  Overseer  
  44  13:13  Drone x3  
  47  13:28  Zerg Ground Armor Level 3  
  47  13:31  Adrenal Glands  
  45  13:36  Zerg Flyer Armor Level 2  
  41  14:29  Mutalisk  
  41  14:30  Mutalisk x2  
  47  14:44  Corruptor x2  
  51  14:48  Overlord  
  45  15:36  Overlord x2  
  45  15:38  Overlord  
  45  15:40  Corruptor x3  
  51  15:52  Zerg Flyer Weapons Level 1  
  51  16:11  Brood Lord, Overseer  
  51  16:12  Brood Lord  
  55  16:33  Mutalisk  
  55  16:34  Mutalisk x2  
  61  17:20  Mutalisk x5  
  61  17:21  Mutalisk x5  
  81  17:29  Hatchery  
  80  17:35  Extractor x2  
  78  18:04  Drone x3  
  81  18:45  Zerg Missile Weapons Level 3  
  81  18:48  Neural Parasite  
  81  19:04  Zerg Flyer Weapons Level 2  
  81  19:15  Drone x3  
  84  19:29  Zergling x2  
  84  19:30  Zergling x4  
  86  21:20  Zerg Flyer Armor Level 3  
  46  22:32  Brood Lord x2  
  46  22:33  Brood Lord  
  52  23:23  Hatchery  
  51  23:29  Hatchery  
  51  23:31  Mutalisk x3  
  51  23:32  Extractor  
  55  23:35  Extractor x3  
  55  23:37  Mutalisk x3  
  58  23:42  Mutalisk x3  
  58  23:43  Mutalisk x5  
  58  23:44  Mutalisk  
  76  23:50  Overseer  
  76  23:58  Overlord x2  
  76  25:10  Mutalisk  
  76  25:11  Mutalisk x6  
  76  25:12  Mutalisk x2  
  94  25:20  Overlord x2  
  94  25:21  Overlord  
  56  27:15  Mutalisk  
  56  27:16  Mutalisk x6  
  56  27:17  Mutalisk  
  56  27:20  Zergling x10  
  56  27:21  Zergling x6  
  80  27:27  Overlord x3  
  80  27:33  Mutalisk x3  
  82  27:47  Drone  
  82  27:48  Drone x2  
Show
View Real Time Build Order
Export as new Build Order

tigro Terran 

Build Orders:  

Get SALT Encoding   

  12  0:03  SCV  
  13  0:22  Supply Depot  
  13  0:28  SCV  
  14  0:40  SCV  
  15  0:52  SCV  
  16  1:03  Barracks  
  16  1:04  SCV  
  17  1:16  SCV  
  17  1:17  Refinery  
  18  1:27  Refinery  
  18  1:28  SCV  
  19  1:40  SCV  
  20  1:52  SCV  
  20  1:53  Barracks  
  21  1:54  Marine  
  22  2:10  Supply Depot  
  22  2:12  Marine  
  23  2:31  Marine  
  24  2:49  Marine  
  25  3:00  Engineering Bay  
  25  3:07  Marine  
  25  3:15  Barracks Tech Lab  
  24  3:25  Marine  
  24  3:43  Marine  
  24  3:44  Planetary Fortress  
  23  3:56  Command Center  
  23  4:00  Marine  
  24  4:09  Barracks Tech Lab  
  23  4:18  Marine  
  24  4:29  Terran Infantry Weapons Level 1  
  24  4:36  Marine  
  25  4:42  Concussive Shells  
  25  5:00  Refinery  
  22  5:15  Marine  
  22  5:20  Marine  
  23  5:25  Combat Shield  
  23  5:33  Marine  
  24  5:38  Marine  
  24  5:42  SCV  
  26  5:50  Marine  
  26  5:54  SCV  
  26  5:56  Marine  
  29  5:57  Refinery  
  29  5:58  Orbital Command  
  29  6:06  SCV  
  29  6:10  Marine  
  28  6:14  Marine  
  29  6:18  SCV  
  29  6:23  Terran Infantry Armor Level 1  
  29  6:27  Marine  
  29  6:30  SCV  
  29  6:31  Marine  
  32  6:44  Stimpack  
  32  6:45  Marine  
  33  6:49  Marine  
  34  7:03  Marine  
  34  7:08  Marauder  
  37  7:11  Refinery  
  37  7:22  Barracks Tech Lab  
  37  7:29  Marauder  
  39  7:37  Missile Turret  
  39  7:45  Marine  
  39  7:50  Marauder  
  42  8:01  Missile Turret  
  42  8:03  Marine  
  42  8:04  SCV  
  44  8:12  Marauder  
  46  8:16  SCV  
  46  8:17  Neosteel Armor  
  47  8:21  Marine  
  48  8:28  SCV  
  48  8:33  Marauder  
  51  8:39  Marine, Missile Turret  
  51  8:40  SCV  
  53  8:53  SCV  
  53  8:57  Marine  
  54  9:37  Supply Depot  
  54  9:57  Hi-Sec Auto Tracking  
  54  10:01  Supply Depot  
  54  10:03  Factory  
  54  10:37  Marine  
  55  10:51  Marine  
  55  10:55  Marine  
  57  10:58  Missile Turret  
  57  11:09  Marine  
  58  11:13  Marine, Factory Tech Lab, Missile Turret  
  59  11:26  Marine, Missile Turret  
  59  11:31  Marine  
  61  11:44  Marine  
  62  11:48  Marine  
  62  11:49  Siege Tank  
  66  12:01  Missile Turret  
  66  12:02  Marine  
  66  12:07  Marauder  
  69  12:09  Missile Turret  
  69  12:12  Infernal Pre-Igniter  
  69  12:21  Siege Tank  
  72  12:26  Armory  
  72  12:28  Marauder  
  74  12:53  Siege Tank  
  77  13:12  Missile Turret  
  76  13:31  Mag-Field Accelerator  
  76  13:34  Siege Tank  
  78  14:06  Siege Tank  
  68  14:25  Missile Turret  
  63  14:52  Marine  
  63  14:53  Starport  
  63  15:06  Missile Turret  
  63  15:10  Marine  
  63  15:17  Marine  
  62  15:28  Marine  
  61  15:35  Marine  
  60  15:43  Viking  
  60  15:46  Marine  
  63  15:52  Marine  
  62  16:03  Marine  
  61  16:08  Starport  
  61  16:10  Marine  
  62  16:13  Viking  
  64  16:18  Thor  
  64  16:20  Missile Turret  
  64  16:21  Marine  
  71  16:28  Marine  
  72  16:39  Marine  
  73  16:43  Viking  
  75  17:13  Viking  
  77  17:19  Missile Turret  
  77  17:52  Bunker  
  77  17:55  Supply Depot, Starport Tech Lab  
  77  17:57  Drilling Claws  
  77  18:00  Missile Turret  
  77  18:03  Terran Vehicle Weapons Level 1  
  77  18:16  Viking, Thor  
  85  18:48  Missile Turret  
  85  19:09  Supply Depot  
  85  19:15  Smart Servos  
  85  19:27  Bunker  
  85  19:30  Medivac x2  
  89  19:58  Terran Vehicle And Ship Armor Level 1  
  89  20:01  Starport Tech Lab  
  89  20:16  Marine  
  90  20:21  Marine  
  91  20:34  Marine  
  92  20:39  Marine  
  93  20:43  Missile Turret  
  93  20:52  Marine  
  93  20:57  Marine  
  91  21:01  Thor  
  98  21:09  Marine  
  98  21:14  Marine  
  96  21:27  Marine  
  96  21:32  Marine  
  88  21:43  Thor  
  92  21:52  Terran Ship Weapons Level 1  
  52  22:26  Thor  
  58  22:51  Command Center  
  58  22:59  SCV  
  59  23:12  SCV  
  60  23:24  SCV  
  61  23:29  Missile Turret  
  61  23:36  SCV  
  62  23:48  SCV  
  63  23:51  Missile Turret  
  63  24:34  Orbital Command  
  63  24:44  Missile Turret  
  63  24:51  SCV  
  64  25:03  SCV  
  65  25:15  SCV  
  66  25:27  SCV  
  17  26:42  Marine  
  17  26:45  Marine  
  17  26:50  Viking  
  19  26:59  Marine  
  19  27:03  Marine  
  17  27:17  Marine  
  17  27:20  Viking  
  17  27:21  Marine  
  16  27:35  Marine  
  16  27:39  Marine  
  16  27:53  Marine  
  16  27:57  Marine  
Tags
 
Matchup
TvZ
Opening
Pool First
Replay Pack
MrFercho
Add a new tag
Caveats
  • Supply blocks, unpowered buildings, or Contaminate may cause inaccurate times.
  • Supply counts are checked every 10 seconds.